R - U22
MIRAMAR SUN DOGS @ BUCKEYE QUAHOGS
07/18/2053
 
TOP OF THE 1ST
Peoria Pride batting - Pitching for Gilbert Geckos : RHP Antoine Berrios
Pitching: RHP Antoine Berrios
Batting: RHB Bernie Bricker 0-0: Foul Ball, location: 2F
0-1: Ball
1-1: Ball
2-1: Ground out U3 (Groundball, 34S, EV 87.5 MPH)
Batting: LHB John Schafer 0-0: Swinging Strike
0-1: Ball
1-1: Called Strike
1-2: Ball
2-2: Strikes out swinging
Batting: RHB Sebastian Medina 0-0: Ground out 6-3 (Groundball, 6, EV 80.6 MPH)
Top of the 1st over - 0 runs, 0 hits, 0 errors, 0 left on base; Peoria 0 - Gilbert 0
BOTTOM OF THE 1ST
Gilbert Geckos batting - Pitching for Peoria Pride : LHP Evandro Simental
Pitching: LHP Evandro Simental
Batting: SHB Johnny Wischmeyer 0-0: Ball
1-0: Foul Ball, location: 2F
1-1: Swinging Strike
1-2: Strikes out swinging
Batting: RHB Gerardo Paleta 0-0: Ball
1-0: Ground out 1-3 (Groundball, 13S, EV 66.9 MPH)
Batting: RHB Alilzon Vega 0-0: Foul Ball, location: 2F
0-1: Foul Ball, location: 2F
0-2: Ball
1-2: Foul Ball, location: 2F
1-2: Foul Ball, location: 2F
1-2: Foul Ball, location: 2F
1-2: Ball
2-2: Strikes out swinging
Bottom of the 1st over - 0 runs, 0 hits, 0 errors, 0 left on base; Peoria 0 - Gilbert 0
TOP OF THE 2ND
Peoria Pride batting - Pitching for Gilbert Geckos : RHP Antoine Berrios
Batting: LHB Ramón Esqueda 0-0: Ball
1-0: Foul Ball, location: 2F
1-1: Swinging Strike
1-2: Strikes out swinging
Batting: RHB Scott Louviere 0-0: Called Strike
0-1: Ball
1-1: Ball
2-1: Foul Ball, location: 2F
2-2: Strikes out swinging
Batting: RHB Chris Heller 0-0: Ball
1-0: Foul Ball, location: 2F
1-1: Ground out 4-3 (Groundball, 34, EV 78.8 MPH)
Top of the 2nd over - 0 runs, 0 hits, 0 errors, 0 left on base; Peoria 0 - Gilbert 0
BOTTOM OF THE 2ND
Gilbert Geckos batting - Pitching for Peoria Pride : LHP Evandro Simental
Batting: RHB Adrian Day 0-0: Called Strike
0-1: Ball
1-1: Foul Ball, location: 2F
1-2: Foul Ball, location: 2F
1-2: SINGLE (Line Drive, 5D, EV 95.0 MPH)
Batting: RHB Drew Park 0-0: Fly out, F3 (Flyball, 3D, EV 85.6 MPH)
Batting: RHB Sebastian Villas 0-0: SINGLE (Groundball, 56, EV 97.5 MPH)
Adrian Day to second
Batting: RHB Wally Glass 0-0: Called Strike
0-1: Foul Ball, location: 2F
0-2: Hit by Pitch
Adrian Day to third
Sebastian Villas to second
Batting: RHB Lennox Glick 0-0: Ball
1-0: Called Strike
1-1: DOUBLE (Flyball, 8RXD, EV 98.8 MPH)
Adrian Day scores
Sebastian Villas scores
Wally Glass to third
Batting: RHB Steffen Khachaturov 0-0: Ball
1-0: Called Strike
1-1: Ball
2-1: Ball
3-1: Swinging Strike
3-2: Ground out 5-3 (Groundball, 56, EV 91.2 MPH)
Wally Glass scores
Batting: SHB Johnny Wischmeyer 0-0: Called Strike
0-1: Called Strike
0-2: Strikes out swinging
Bottom of the 2nd over - 3 runs, 3 hits, 0 errors, 1 left on base; Peoria 0 - Gilbert 3
TOP OF THE 3RD
Peoria Pride batting - Pitching for Gilbert Geckos : RHP Antoine Berrios
Batting: RHB Cris García 0-0: Ball
1-0: SINGLE (Groundball, 6MD, EV 93.8 MPH)
Batting: LHB Cole Pace 0-0: Foul Ball, location: 2F
0-1: Ball
1-1: Fielders Choice at 2nd, 6-4 (Groundball, 6M, EV 102.5 MPH)
Batting: LHB Chase Schultz 0-0: Ball
1-0: Called Strike
1-1: Called Strike
1-2: Ball
2-2: Ball
3-2: Strikes out swinging
Batting: RHB Bernie Bricker 0-0: Ball
1-0: Called Strike
1-1: Swinging Strike
1-2: Strikes out looking
Top of the 3rd over - 0 runs, 1 hit, 0 errors, 1 left on base; Peoria 0 - Gilbert 3
BOTTOM OF THE 3RD
Gilbert Geckos batting - Pitching for Peoria Pride : LHP Evandro Simental
Batting: RHB Gerardo Paleta 0-0: Swinging Strike
0-1: Ball
1-1: Ball
2-1: Ball
3-1: Called Strike
3-2: Strikes out looking
Batting: RHB Alilzon Vega 0-0: Ball
1-0: Called Strike
1-1: Ground out 5-3 (Groundball, 56S, EV 86.2 MPH)
Batting: RHB Adrian Day 0-0: Ball
1-0: Called Strike
1-1: Ball
2-1: Ball
3-1: Fly out, F9 (Flyball, 9, EV 93.1 MPH)
Bottom of the 3rd over - 0 runs, 0 hits, 0 errors, 0 left on base; Peoria 0 - Gilbert 3
TOP OF THE 4TH
Peoria Pride batting - Pitching for Gilbert Geckos : RHP Antoine Berrios
Batting: LHB John Schafer 0-0: Fly out, F8 (Flyball, 8RM, EV 88.1 MPH)
Batting: RHB Sebastian Medina 0-0: Ball
1-0: Called Strike
1-1: SINGLE (Groundball, 6, EV 98.1 MPH)
Batting: LHB Ramón Esqueda 0-0: Ball
1-0: Ball
2-0: Fielders Choice at 2nd, 5-4 (Groundball, 56, EV 79.4 MPH)
Batting: RHB Scott Louviere 0-0: Foul Ball, location: 2F
0-1: Fielders Choice at 2nd, 6-4 (Groundball, 6, EV 91.9 MPH)
Top of the 4th over - 0 runs, 1 hit, 0 errors, 1 left on base; Peoria 0 - Gilbert 3
BOTTOM OF THE 4TH
Gilbert Geckos batting - Pitching for Peoria Pride : LHP Evandro Simental
Batting: RHB Drew Park 0-0: Ball
1-0: Foul Ball, location: 2F
1-1: Swinging Strike
1-2: Foul Ball, location: 2F
1-2: Foul Ball, location: 2F
1-2: Ball
2-2: Foul Ball, location: 2F
2-2: Ball
3-2: Base on Balls
Batting: RHB Sebastian Villas 0-0: Foul Ball, location: 2F
0-1: Ball
1-1: Foul Ball, location: 2F
1-2: Ball
2-2: Strikes out swinging
Batting: RHB Wally Glass 0-0: Ball
1-0: Fielders Choice at 2nd, 3-6 (Groundball, 34, EV 80.6 MPH)
Batting: RHB Lennox Glick 0-0: Swinging Strike
0-1: Foul Ball, location: 2F
0-2: Ball
1-2: Strikes out swinging
Bottom of the 4th over - 0 runs, 0 hits, 0 errors, 1 left on base; Peoria 0 - Gilbert 3
TOP OF THE 5TH
Peoria Pride batting - Pitching for Gilbert Geckos : RHP Antoine Berrios
Batting: RHB Chris Heller 0-0: Fly out, F9 (Flyball, 9LM, EV 90.0 MPH)
Batting: RHB Cris García 0-0: Ball
1-0: Ground out 5-3 (Groundball, 5S, EV 66.9 MPH)
Batting: LHB Cole Pace 0-0: Foul Ball, location: 2F
0-1: Foul Ball, location: 2F
0-2: SINGLE (Line Drive, 8LS, EV 112.5 MPH)
Batting: LHB Chase Schultz 0-0: Foul Ball, location: 2F
0-1: Ball
Cole Pace steals 2nd, throwing error, E2
Cole Pace to third
1-1: SINGLE (Groundball, 5L, EV 106.9 MPH) (infield hit)
Cole Pace scores
Batting: RHB Bernie Bricker 0-0: Ball
1-0: Ball
2-0: Ball
3-0: Called Strike
3-1: Foul Ball, location: 2F
3-2: Foul Ball, location: 2F
3-2: Foul Ball, location: 2F
3-2: Fly out, F2 (Popup, 2RF, EV 93.8 MPH)
Top of the 5th over - 1 run, 2 hits, 1 error, 1 left on base; Peoria 1 - Gilbert 3
BOTTOM OF THE 5TH
Gilbert Geckos batting - Pitching for Peoria Pride : LHP Evandro Simental
Batting: RHB Steffen Khachaturov 0-0: Ball
1-0: Called Strike
1-1: Ball
2-1: Ball
3-1: Base on Balls
Batting: SHB Johnny Wischmeyer 0-0: Ball
1-0: Bunted foul
1-1: Sac Bunt to 5S - play at first, batter OUT! 5-4
Steffen Khachaturov to second
Batting: RHB Gerardo Paleta 0-0: Ball
1-0: Foul Ball, location: 2F
1-1: Called Strike
1-2: Ball
2-2: Strikes out looking
Batting: RHB Alilzon Vega 0-0: Foul Ball, location: 2F
0-1: Swinging Strike
0-2: Ball
1-2: Foul Ball, location: 2F
1-2: Strikes out swinging
Bottom of the 5th over - 0 runs, 0 hits, 0 errors, 1 left on base; Peoria 1 - Gilbert 3
TOP OF THE 6TH
Peoria Pride batting - Pitching for Gilbert Geckos : RHP Antoine Berrios
Batting: LHB John Schafer 0-0: Ball
1-0: Fly out, F9 (Flyball, 89S, EV 86.9 MPH)
Batting: RHB Sebastian Medina 0-0: Ball
1-0: Called Strike
1-1: Fly out, F8 (Flyball, 89D, EV 97.5 MPH)
Batting: LHB Ramón Esqueda 0-0: Foul Ball, location: 2F
0-1: Foul Ball, location: 2F
0-2: Ball
1-2: Ball
2-2: Ball
3-2: Strikes out looking
Top of the 6th over - 0 runs, 0 hits, 0 errors, 0 left on base; Peoria 1 - Gilbert 3
BOTTOM OF THE 6TH
Gilbert Geckos batting - Pitching for Peoria Pride : LHP Evandro Simental
Batting: RHB Adrian Day 0-0: Foul Ball, location: 2F
0-1: Ball
1-1: Called Strike
1-2: Strikes out swinging
Pitching: LHP Cameron DeVita
Batting: RHB Drew Park 0-0: Ball
1-0: Ball
2-0: Ball
3-0: Base on Balls
Batting: RHB Sebastian Villas 0-0: Ball
1-0: Ball
2-0: Swinging Strike
2-1: SINGLE (Line Drive, 34D, EV 95.0 MPH)
Drew Park to second
Runner from 2nd tries for 3rd, SAFE, no throw by RF
Batting: RHB Wally Glass 0-0: Fly out, F8 (Flyball, 8LS, EV 95.0 MPH)
Batting: RHB Lennox Glick 0-0: Ball
1-0: Ball
2-0: Fly out, F8 (Flyball, 89D, EV 98.1 MPH)
Bottom of the 6th over - 0 runs, 1 hit, 0 errors, 2 left on base; Peoria 1 - Gilbert 3
TOP OF THE 7TH
Peoria Pride batting - Pitching for Gilbert Geckos : RHP Antoine Berrios
Batting: RHB Scott Louviere 0-0: Ball
1-0: Foul Ball, location: 2F
1-1: Foul Ball, location: 2F
1-2: Ball
2-2: Ball
3-2: Base on Balls
Pitching: LHP Augustin De La Torre
Batting: RHB Chris Heller 0-0: SINGLE (Line Drive, 8LS, EV 105.6 MPH)
Scott Louviere to second
Batting: RHB Cris García 0-0: Fielders Choice at 2nd, 3-6 (Groundball, 34S, EV 89.4 MPH)
Scott Louviere to third
Batting: RHB Kerry Lowery 0-0: Called Strike
0-1: Foul Ball, location: 2F
0-2: Foul Ball, location: 2F
0-2: Foul Ball, location: 2F
0-2: Foul Ball, location: 2F
0-2: Ball
Pickoff Throw to First - Error! E1
Scott Louviere scores
Cris García to second
1-2: Fly out, F6 (Popup, 6MD, EV 71.2 MPH)
Pinch Hitting: LHB Lawrence Kendall 0-0: Foul Ball, location: 2F
0-1: Called Strike
0-2: Hit by Pitch
Batting: RHB Bernie Bricker 0-0: Ball
1-0: SINGLE (Flyball, 5D, EV 81.9 MPH)
Cris García to third
Lawrence Kendall to second
Runner from 3rd tries for Home, SAFE, throw by LF to home
Batting: LHB John Schafer 0-0: Ground out 4-3 (Groundball, 4, EV 101.2 MPH)
Top of the 7th over - 2 runs, 2 hits, 1 error, 2 left on base; Peoria 3 - Gilbert 3
BOTTOM OF THE 7TH
Gilbert Geckos batting - Pitching for Peoria Pride : LHP Cameron DeVita
Now at 2B: Lopes Sánchez
Now in LF: Trevor Whitaker
Batting: RHB Steffen Khachaturov 0-0: Swinging Strike
0-1: Swinging Strike
0-2: Ball
1-2: Strikes out looking
Batting: SHB Johnny Wischmeyer 0-0: Ball
1-0: Swinging Strike
1-1: Fly out, F7 (Flyball, 7LM, EV 82.5 MPH)
Batting: RHB Gerardo Paleta 0-0: Foul Ball, location: 2F
0-1: Fly out, F9 (Flyball, 9, EV 79.4 MPH)
Bottom of the 7th over - 0 runs, 0 hits, 0 errors, 0 left on base; Peoria 3 - Gilbert 3
TOP OF THE 8TH
Peoria Pride batting - Pitching for Gilbert Geckos : LHP Augustin De La Torre
Batting: RHB Sebastian Medina 0-0: Ball
1-0: Ball
2-0: Foul Ball, location: 2F
2-1: Ground out 5-3 (Groundball, 56, EV 99.4 MPH)
Pinch Hitting: RHB Grover Thomas 0-0: Foul Ball, location: 2F
0-1: Foul Ball, location: 2F
0-2: Strikes out swinging
Pitching: RHP Melo Lee
Pinch Hitting: SHB Harman Dillinger 0-0: Ground out U3 (Groundball, 34S, EV 82.5 MPH)
Top of the 8th over - 0 runs, 0 hits, 0 errors, 0 left on base; Peoria 3 - Gilbert 3
BOTTOM OF THE 8TH
Gilbert Geckos batting - Pitching for Peoria Pride : LHP Cameron DeVita
Now at SS: Humberto Maldonado
Now in CF: Saul Cuevas
Batting: RHB Alilzon Vega 0-0: Called Strike
0-1: Ball
1-1: Ground out 4-3 (Groundball, 4, EV 103.8 MPH)
Batting: RHB Adrian Day 0-0: SINGLE (Groundball, 6MD, EV 96.9 MPH)
Batting: RHB Drew Park 0-0: Called Strike
0-1: Ball
1-1: Foul Ball, location: 2F
1-2: Ball
2-2: Strikes out swinging
Batting: RHB Sebastian Villas 0-0: Ball
1-0: Ball
2-0: Ball
3-0: Base on Balls
Adrian Day to second
Pitching: RHP Jake Kitzerow
Pinch Runner at 2nd Jeff Stuver:
Pinch Hitting: LHB King Dennis 0-0: Ball
1-0: Ball
2-0: Ball
3-0: Called Strike
3-1: Base on Balls
Jeff Stuver to third
Sebastian Villas to second
Pinch Hitting: LHB Luke Edwards 0-0: Ball
1-0: Ball
Wild Pitch!
Jeff Stuver scores
Sebastian Villas to third
King Dennis to second
2-0: Foul Ball, location: 2F
2-1: Swinging Strike
2-2: Ball
3-2: SINGLE (Line Drive, 7S, EV 89.4 MPH)
Sebastian Villas scores
King Dennis to third
Runner from 3rd tries for Home, SAFE, throw by LF to home
Batting: RHB Steffen Khachaturov 0-0: Ball
1-0: Ball
2-0: Ball
3-0: Base on Balls
Luke Edwards to second
Batting: SHB Johnny Wischmeyer 0-0: Swinging Strike
0-1: Swinging Strike
0-2: Foul Ball, location: 2F
0-2: Ball
1-2: Strikes out looking
Bottom of the 8th over - 3 runs, 2 hits, 0 errors, 2 left on base; Peoria 3 - Gilbert 6
TOP OF THE 9TH
Peoria Pride batting - Pitching for Gilbert Geckos : RHP Melo Lee
Pitching: RHP Emilio Huerta
Now at 3B: Leo Fraga
Now in RF: Mason Anderson
Batting: RHB Chris Heller 0-0: Foul Ball, location: 2F
0-1: Ball
1-1: Called Strike
1-2: Strikes out swinging
Batting: LHB Trevor Whitaker 0-0: Called Strike
0-1: Foul Ball, location: 2F
0-2: Fly out, F8 (Flyball, 78XD, EV 95.0 MPH)
Batting: RHB Kerry Lowery 0-0: Called Strike
0-1: Ball
1-1: Foul Ball, location: 2F
1-2: DOUBLE (Flyball, 89XD, EV 110.6 MPH)
Batting: RHB Lopes Sánchez 0-0: Fly out, F8 (Flyball, 8LS, EV 90.0 MPH)
Top of the 9th over - 0 runs, 1 hit, 0 errors, 1 left on base; Peoria 3 - Gilbert 6
Sunday, June 2nd , 2024 - OOTP Baseball 25.5 Build 67